 Dungeon Crawl Stone Soup version 0.21.1-1-g345015f (webtiles) character file.

25 inc the Magician (level 2, 0/11 HPs)
             Began as a Felid Wizard on Feb 22, 2018.
             Slain by a hound skeleton (3 damage)
             ... on level 4 of the Dungeon.
             The game lasted 00:02:04 (1781 turns).

inc the Magician (Felid Wizard)                     Turns: 1781, Time: 00:02:05

Health: 0/11       AC:  1    Str:  3    XL:     2   Next: 82%
Magic:  0/7        EV: 17    Int: 19    God:
Gold:   97         SH:  0    Dex: 14    Spells: 6/7 levels left
                                        Lives:  0   Deaths: 0

rFire    . . .     SeeInvis +     - Unarmed
rCold    . . .     Gourm    .   (shield unavailable)
rNeg     . . .     Faith    .   (armour unavailable)
rPois    .         Spirit   .   (helmet unavailable)
rElec    .         Reflect  .   (cloak unavailable)
rCorr    .         Harm     .   (gloves unavailable)
MR       .....                  (boots unavailable)
Stlth    +++.......             (no amulet)
HPRegen  0.03/turn              (no ring)
MPRegen  0.10/turn              (no ring)

@: very slightly contaminated, quick
A: very small, no armour, no weapons or thrown items, stealth, claws 1, fangs 3,
see invisible, carnivore, speed 1, shaggy fur 1, slow metabolism 1, sharp paws
a: no special abilities


You were on level 4 of the Dungeon.
You were not hungry.

You visited 1 branch of the dungeon, and saw 4 of its levels.

You collected 97 gold pieces.

Inventory:

Scrolls
 e - a scroll of identify {unknown}
 f - a scroll of remove curse {unknown}
 h - 2 scrolls of enchant weapon {unknown}
Potions
 c - a potion of degeneration {unknown}
 d - a potion of ambrosia {unknown}
 g - 2 potions of flight {unknown}
 i - a potion of lignification {unknown}
Books
 a - a book of Minor Magic

   Spells                             Type                      Level
   a - Magic Dart                     Conjuration                  1
   b - Blink                          Translocation                2
   c - Call Imp                       Summoning                    2
   d - Slow                           Hexes                        2
   e - Conjure Flame                  Conjuration/Fire             3
   f - Mephitic Cloud                 Conjuration/Poison/Air       3
Comestibles
 b - 3 rations
 j - a chunk of flesh


   Skills:
 - Level 2.6 Dodging
 - Level 2.6 Stealth
 + Level 2.4 Unarmed Combat
 - Level 3.0 Spellcasting
 - Level 1.1 Conjurations
   Level 1.0 Summonings
   Level 1.5 Translocations


You had 6 spell levels left.
You knew the following spells:

 Your Spells              Type           Power        Failure   Level  Hunger
a - Magic Dart            Conj           #...         10%         1    None


Dungeon Overview and Level Annotations

Branches:
Dungeon (4/15)
 Temple: D:4-7

Altars:


Innate Abilities, Weirdness & Mutations

You cannot wear armour.
You are incapable of wielding weapons or throwing items.
Your paws allow you to move quietly. (Stealth)
You have sharp claws.
You have razor-sharp teeth.
You have supernaturally acute eyesight. (SInv)
You are carnivorous and can eat meat at any time.
You cover ground quickly.
You are covered in fur. (AC +1)
You have a slow metabolism.
Your sharp claws are effective at attacking unaware monsters.


Message History

The hound skeleton is moderately damaged.
The hound skeleton closely misses you. x2
Casting: Magic Dart
Confirm with . or Enter, or press ? or * to list all spells.
You don't have enough magic to cast that spell.
Unknown command.
You scratch the hound skeleton but do no damage.
The hound skeleton is moderately damaged.
The hound skeleton misses you.
You scratch the hound skeleton.
The hound skeleton is heavily damaged.
The hound skeleton closely misses you.
You scratch the hound skeleton.
The hound skeleton is heavily damaged.
The hound skeleton bites you.
* * * LOW HITPOINT WARNING * * *
You scratch the hound skeleton but do no damage.
The hound skeleton is heavily damaged.
The hound skeleton closely misses you. The hound skeleton bites you.
You die...

#.##..............
...#.............
#.#รท............
#########...........>...
#......<.....(..........
........................
#.......#.#.........#..
.......##..#..#..Z#?..#
.#####........#.@.# ...
###......#...# ..
##.....#...# ......#...#
##.. #(..# #...# #...#
#...#


You could see a hound skeleton.

Vanquished Creatures
  3 leopard geckos
  2 giant cockroaches
  4 goblins (D:1)
  2 hobgoblins (D:1)
  A bat (D:2)
  6 kobolds
  3 rats (D:1)
21 creatures vanquished.

Notes
Turn   | Place    | Note
-------+----------+-------------------------------------------
     0 | D:1      | inc the Felid Wizard began the quest for the Orb.
     0 | D:1      | Reached XP level 1. HP: 7/7 MP: 5/5
    15 | D:1      | Reached skill level 1 in Conjurations
   180 | D:1      | Reached skill level 1 in Unarmed Combat
   565 | D:1      | Reached XP level 2. HP: 11/11 MP: 7/7
  1781 | D:4      | Slain by a hound skeleton

Skill      XL: |  1  2 |
---------------+-------+-----
Conjurations   | 1 |  1.1
Unarmed Combat | 1 2 |  2.4
Dodging        | |  2.6
Stealth        | |  2.6
Spellcasting   | |  3.0
Summonings     | |  1.0
Translocations | |  1.5

Action                   || total
-------------------------++-------
Melee: Unarmed           ||    14
 Cast: Magic Dart        ||    43
 Stab: Sleeping          ||     6
  Eat: Chunk             ||     4
Armor: Skin              ||     3
Dodge: Dodged            ||    16
